 Dungeon Crawl Stone Soup version 0.24-a0-282-g1a68c911f0 (webtiles) character file.

Game seed: 2096850523387968111

123782 JoanKharjo the Archer (level 16, -13/147 HPs)
             Began as a Demonspawn Arcane Marksman on May 1, 2019.
             Was the Champion of Hepliaklqana.
             Mangled by an anaconda (14 damage)
             ... on level 1 of the Snake Pit on May 2, 2019.
             The game lasted 04:42:55 (35876 turns).

JoanKharjo the Archer (Demonspawn Arcane Marksman) Turns: 35876, Time: 04:42:55

Health: -13/147    AC:  9    Str: 17    XL:     16   Next: 37%
Magic:  15/35      EV: 12    Int: 19    God:    Hepliaklqana [******]
Gold:   946        SH:  0    Dex: 13    Spells: 3/29 levels left

rFire    . . .     SeeInvis .   A - +3 quarterstaff (crush)
rCold    + . .     Gourm    .   (shield currently unavailable)
rNeg     . . .     Faith    .   j - +1 troll leather armour
rPois    +         Spirit   .   (helmet unavailable)
rElec    .         Reflect  .   Y - +0 cloak
rCorr    .         Harm     .   V - +1 pair of gloves
MR       +....     Rnd*Rage +   N - +0 pair of boots
Stlth    ..........             (no amulet)
HPRegen  2.74/turn              T - ring of magical power
MPRegen  0.24/turn              e - +3 ring of evasion

@: berserking, lethally poisoned (-13 -> -13), constricted, very quick
A: reduced essence, horns 3, berserk 1, cold resistance 1, demonic guardian 1,
dopey 1, sense surroundings 1, poison resistance, powered by death 2, wild magic
1, no potion heal 1, sturdy frame 1
a: Recall Ancestor, Ancestor Identity, Transference, Idealise, Renounce Religion


You were on level 1 of the Snake Pit.
You worshipped Hepliaklqana.
Hepliaklqana was exalted by your worship.
You were near starving.

You visited 7 branches of the dungeon, and saw 27 of its levels.
You also visited: Bailey and Ice Cave.

You collected 2125 gold pieces.
You spent 1179 gold pieces at shops.

Inventory:

Hand Weapons
 b - a +0 longbow
 w - a +2 trident of venom
 A - a +3 quarterstaff of crushing (weapon)
 U - the +5 flail "Demonspawn's Death" {crush, rPois SInv}
   (You found it on level 4 of the Lair of Beasts)

   It inflicts extra damage upon your enemies.
   It protects you from poison.
   It lets you see invisible.
Missiles
 d - 426 arrows
 l - 7 needles of paralysis
 x - 8 curare-tipped needles
 J - 3 throwing nets (quivered)
 M - 7 needles of frenzy
Armour
 j - a +1 troll leather armour (worn)
 N - a +0 pair of boots (worn)
 V - a +1 pair of gloves (worn)
 Y - a +0 cloak (worn)
Jewellery
 e - a +3 ring of evasion (right hand)
 B - an uncursed ring of protection from magic
 E - an uncursed amulet of rage
 T - a ring of magical power (left hand)
 X - an uncursed ring of protection from fire
Wands
 D - a wand of scattershot (3)
 I - a wand of iceblast (1)
 L - a wand of digging (6)
 R - a wand of disintegration (16)
 S - a wand of acid (9)
Scrolls
 c - 9 scrolls of teleportation
 i - 3 scrolls of enchant weapon
 n - a scroll of vulnerability {unknown}
 o - 2 scrolls of blinking
 q - a scroll of fog
 u - a scroll of acquirement {unknown}
 y - a scroll of brand weapon {unknown}
 H - 7 scrolls of amnesia
 O - 5 scrolls of enchant armour
 P - 2 scrolls of holy word {unknown}
 W - 5 scrolls of remove curse
Potions
 k - a potion of resistance
 r - 4 potions of might
 s - a potion of flight
 t - 5 potions of agility
 C - 2 potions of curing
 F - a potion of cancellation
 K - 2 potions of heal wounds
 Q - 2 potions of brilliance
 Z - 4 potions of lignification
Miscellaneous
 g - a sack of spiders
 v - a crystal ball of energy
Comestibles
 f - 27 rations


   Skills:
 - Level 5.0 Fighting
 - Level 5.1 Staves
 - Level 12.4 Bows
 - Level 1.7 Dodging
 - Level 5.1 Stealth
 - Level 7.1 Spellcasting
 - Level 12.0 Conjurations
 - Level 11.4 Hexes
 - Level 11.1 Summonings
 + Level 10.0 Ice Magic
 - Level 6.0 Air Magic
 - Level 6.2 Invocations


You had 3 spell levels left.
You knew the following spells:

 Your Spells              Type           Power        Failure   Level  Hunger
b - Inner Flame           Hex/Fire       #####...     5%          3    #......
c - Cause Fear            Hex            ######....   1%          4    ###....
d - Portal Projectile     Hex/Tloc       #####.       5%          3    #......
e - Tukima's Dance        Hex            ######..     1%          3    #......
f - Summon Ice Beast      Ice/Summ       ######..     2%          4    ###....
g - Confuse               Hex            ######..     1%          3    #......
h - Freezing Cloud        Conj/Ice/Air   ######....   43%         6    ######.

Your spell library contained the following spells:

 Spells                   Type           Power        Failure   Level  Hunger
 Confusing Touch          Hex            ######       1%          1    None
 Corona                   Hex            ######.      1%          1    None
 Freeze                   Ice            ####         1%          1    None
 Summon Small Mammal      Summ           ####         1%          1    None
 Call Imp                 Summ           ######..     1%          2    None
 Ensorcelled Hibernation  Hex/Ice        ######       1%          2    None
 Slow                     Hex            ######..     1%          2    None
 Throw Frost              Conj/Ice       ######       1%          2    None
 Call Canine Familiar     Summ           ######..     1%          3    #......
 Dazzling Spray           Conj/Hex       ######       1%          3    #......
 Summon Guardian Golem    Hex/Summ       ######..     1%          3    #......
 Conjure Flame            Conj/Fire      #####...     4%          3    #......
 Mephitic Cloud           Conj/Pois/Air  #####...     4%          3    #......
 Stone Arrow              Conj/Erth      #####.       4%          3    #......
 Ozocubu's Armour         Chrm/Ice       ####....     7%          3    #......
 Poisonous Vapours        Pois/Air       ###...       8%          2    None
 Corpse Rot               Necr           N/A          22%         2    None
 Gell's Gravitas          Tloc           #.........   38%         3    #......
 Throw Icicle             Conj/Ice       ######..     2%          4    ###....
 Summon Lightning Spire   Summ/Air       ######..     5%          4    ###....
 Metabolic Englaciation   Hex/Ice        ######....   6%          5    #####..
 Leda's Liquefaction      Hex/Erth       #####.....   14%         4    ###....
 Yara's Violent Unravell  Hex/Tmut       #####.....   34%         5    #####..
 Summon Forest            Summ/Tloc      #####.....   36%         5    #####..
 Summon Hydra             Summ           ######....   75%         7    #######
 Petrify                  Tmut/Erth      #.......     78%         4    ###....
 Hydra Form               Tmut           #.........   100%        6    ######.
 Ring of Flames           Chrm/Fire      #.........   100%        7    #######


Dungeon Overview and Level Annotations

Branches:
Dungeon (15/15)            Temple (1/1) D:7            Lair (6/6) D:8
 Shoals (0/4) Lair:4        Snake (1/4) Lair:3        Slime (0/5) Lair:5
    Orc (2/2) D:9             Elf (1/3) Orc:2        Vaults (0/5) D:13
 Depths (1/5) D:15

Altars:
Ashenzari
Cheibriados
Dithmenos
Elyvilon
Fedhas
Gozag
Hepliaklqana
Kikubaaqudgha
Makhleb
Nemelex Xobeh
Okawaru
Qazlal
Ru
Sif Muna
Trog
Uskayaw
Vehumet
Wu Jian
Yredelemnul
Zin
The Shining One
Beogh
Jiyva

Shops:
D:4 !?*=*   D:5 =   D:6 *   D:7 :   D:8 =   D:15 (   Orc:2 [:(*

Portals:
Hell: Depths:1
Pandemonium: Depths:1

Annotations:
D:10 exclusion: ice statue
D:13 1 runed translucent door
Lair:4 exclusion: 3 oklob plants
Snake:1 Louise


Innate Abilities, Weirdness & Mutations

You have a pair of large horns on your head.
Your flesh is cold resistant. (rC+)
A weak demonic guardian rushes to your aid.
You regenerate health from kills.
Your movements are slightly less encumbered by armour. (ER -2)
Your life essence is reduced to manifest your ancestor. (-10% HP)
You tend to lose your temper in combat.
You are dopey. (Int -2)
You passively map a small area around you.
Your system is resistant to poisons. (rPois)
Your spells are a little harder to cast, but a little more powerful.
Potions are less effective at restoring your health.


Message History

The anaconda is severely wounded.
You feel sick. The black mamba closely misses you.
Your ice beast completely misses the black mamba.
The anaconda bites you!
* * * LOW HITPOINT WARNING * * *
x2 The anaconda constricts you.
Unknown command.
Unknown command.
You sock the anaconda!
The anaconda is almost dead.
The black mamba bites you!
* * * LOW HITPOINT WARNING * * *
The anaconda bites you!
* * * LOW HITPOINT WARNING * * *
x2 The anaconda constricts you.
Your iron imp barely misses the anaconda.
Your ice beast hits the black mamba.
Your ice beast freezes the black mamba!!
The black mamba bites your ice beast. The anaconda bites you!
You die...

.....SN ..# *
#....., ..#*, #....
*..# ,, .#** #...
..# ..## ##..#* *..#
..# #...# !.# , ##.
#.# #..# ##..# *
..###.###..# ##Y..#
*
...#......#####S@.##
, ,
.........####.NS5##
*,
..#......###...###
,, ..#......##..###
* ...##........## ,
* #.###>.......(##
#.##.†.........## #.
#.###...........#...
,
#.#######...........


You could see an anaconda, a black mamba, a naga, a friendly ice beast and a
friendly iron imp.

Vanquished Creatures
  Frances (D:12)
  Kirke (Lair:4)
  3 orc warlords
  Azrael (D:14)
  Snorg (D:11)
  Harold (D:7)
  2 hydras
  A naga warrior (Snake:1)
  2 two-headed ogres (D:14)
  A catoblepas (Lair:6)
  2 dancing weapons (D:13)
  2 death yaks (Lair:6)
  An orc high priest (Orc:2)
  A queen ant (Lair:2)
  Sonja (Lair:4)
  3 lindwurms
  A deep elf archer (Elf:1)
  3 orc knights
  6 ugly things
  A manticore (D:12)
  4 cyclopes
  An oklob plant (Lair:4)
  4 deep elf magi (Elf:1)
  16 elephants
  2 ice statues (IceCv)
  A naga mage (Snake:1)
  6 black mambas
  3 spiny frogs
  4 komodo dragons
  5 ice devils (IceCv)
  A kobold demonologist (D:12)
  A yaktaur (D:15)
  3 rime drakes (Lair:3)
  8 trolls
  A polar bear (Lair:6)
  Prince Ribbit (D:9)
  2 slime creatures (D:12)
  A snapping turtle (Lair:4)
  3 hippogriffs
  7 blink frogs
  21 yaks
  2 wyverns
  A wraith (D:11)
  A basilisk (Lair:1)
  A hungry ghost (D:15)
  2 fire elementals
  4 vampire mosquitoes
  A warg (Orc:1)
  Edmund (D:5)
  11 soldier ants (Lair:2)
  8 water moccasins
  5 porcupines
  2 hell hounds (D:14)
  4 ice beasts
  21 orc warriors
  2 necrophages (D:9)
  2 sky beasts
  4 eyes of draining
  3 wolves
  3 ogres
  10 centaurs
  5 crocodiles
  2 big kobolds (D:12)
  Blork the orc (D:4)
  An elf zombie (D:9)
  14 bullfrogs
  A gnoll sergeant (D:6)
  4 hexers
  3 scorpions
  21 killer bees
  A wight (D:9)
  4 electric eels
  2 howler monkeys (D:12)
  3 crimson imps
  2 quasits
  3 jellies
  6 centaur skeletons
  A human zombie (D:9)
  6 hounds
  A gnoll shaman (D:4)
  15 orc priests
  11 orc wizards
  A bullfrog skeleton (D:10)
  2 iguanas
  Natasha (thrice) (D:2)
  27 worker ants
  A killer bee zombie (D:6)
  2 hound zombies (D:10)
  3 mummies
  Robin (D:4)
  16 gnolls
  2 howler monkey skeletons
  2 worker ant zombies
  14 adders
  4 shadow imps
  4 white imps (IceCv)
  3 ufetubi (IceCv)
  3 oozes
  2 worms
  3 dart slugs
  4 leopard geckos
  47 orcs
  10 giant cockroaches
  13 hobgoblins
  16 jackals
  7 quokkas
  A ball python (D:1)
  7 bats
  4 frilled lizards (D:3)
  21 goblins
  2 jackal skeletons
  A jackal zombie (D:8)
  12 kobolds
  2 leopard gecko zombies
  7 rats
572 creatures vanquished.

Vanquished Creatures (collateral kills)
  Jorgrun (D:13)
  Rupert (Lair:4)
  Gastronok (Lair:1)
  A frost giant (D:15)
  A deep elf demonologist (Elf:1)
  An ogre mage (D:15)
  4 hydras
  Josephine (D:11)
  2 centaur warriors
  5 two-headed ogres
  A deep troll shaman (Lair:6)
  2 death yaks (Lair:6)
  6 orc high priests (Orc:2)
  Urug (Orc:2)
  An unseen horror (shapeshifter) (D:13)
  An unseen horror (D:13)
  2 deep elf archers (Elf:1)
  An orc knight (Orc:2)
  5 orc sorcerers
  2 deep elf magi
  3 ugly things
  A manticore (D:13)
  A cyclops (D:11)
  2 slime creatures (D:12)
  2 salamanders (Snake:1)
  5 black mambas
  2 centaur zombies
  Maurice (D:11)
  15 elephants
  Joseph (D:8)
  A gargoyle (D:12)
  2 spiny frogs
  A komodo dragon (D:13)
  2 efreet
  3 trolls
  3 ice devils (IceCv)
  2 kobold demonologists (D:13)
  A merfolk (D:9)
  A polar bear (Lair:3)
  A hornet (D:11)
  A queen bee (Lair:3)
  6 blink frogs
  4 hippogriffs
  3 wraiths
  2 fire elementals (D:14)
  3 basilisks
  An air elemental (Elf:1)
  2 wyverns
  2 hogs (Lair:4)
  A hungry ghost (D:13)
  18 yaks
  2 vampire mosquitoes
  2 steam dragons
  6 wargs
  3 acid dragons
  9 soldier ants (Lair:2)
  4 water moccasins
  3 porcupines
  14 orc warriors
  A hornet zombie (D:8)
  A sky beast (D:8)
  2 necrophages
  6 wolves
  4 ogres
  2 centaurs
  6 crocodiles
  A big kobold (D:13)
  7 bullfrogs
  An elf zombie (D:9)
  A gnoll sergeant (D:10)
  2 scorpions
  12 killer bees
  A wight (D:9)
  3 howler monkeys
  2 electric eels (Lair:2)
  2 crimson imps
  5 orc priests
  2 hounds
  9 orc wizards
  A hell rat (Lair:4)
  5 worker ants
  A mummy (D:9)
  A worker ant zombie (D:8)
  9 gnolls
  2 white imps (IceCv)
  A leopard gecko (D:9)
  27 orcs
  2 goblins
  15 kobolds
  A quokka (D:6)
  3 fungi
  3 plants
317 creatures vanquished.

Vanquished Creatures (others)
  A reaper (IceCv)
  2 dancing weapons
  A human (Lair:4)
  A fire elemental (D:14)
  3 howler monkeys (D:13)
  An orc priest (Orc:2)
  46 hexers
  An orc wizard (D:8)
  7 ancestors
  5 white imps (IceCv)
  6 ufetubi (IceCv)
  32 fungi
  16 plants
  8 toadstools (Lair:2)
130 creatures vanquished.

Grand Total: 1019 creatures vanquished

Notes
Turn   | Place    | Note
-------+----------+-------------------------------------------
     0 | D:1      | JoanKharjo the Demonspawn Arcane Marksman began the quest
                  | for the Orb.
     0 | D:1      | Reached XP level 1. HP: 15/15 MP: 2/2
   422 | D:1      | Gained mutation: You have a pair of small horns on your
                  | head. [demonic ancestry]
   422 | D:1      | Reached XP level 2. HP: 17/21 MP: 1/3
  1028 | D:1      | Reached XP level 3. HP: 19/26 MP: 4/4
  1541 | D:2      | Learned a level 3 spell: Inner Flame
  1822 | D:2      | Gained mutation: You have a pair of horns on your head.
                  | [demonic ancestry]
  1822 | D:2      | Reached XP level 4. HP: 29/32 MP: 3/5
  1968 | D:2      | Noticed Natasha
  1980 | D:2      | Killed Natasha
  2157 | D:2      | Found a blossoming altar of Fedhas.
  2250 | D:2      | Found a deep blue altar of Sif Muna.
  2260 | D:2      | Noticed Natasha
  2269 | D:2      | Killed Natasha
  2269 | D:2      | Gained mutation: You have a pair of large horns on your
                  | head. [demonic ancestry]
  2269 | D:2      | Reached XP level 5. HP: 11/37 MP: 6/8
  2368 | D:2      | Noticed Natasha
  2376 | D:2      | Killed Natasha
  2594 | D:2      | Learned a level 4 spell: Cause Fear
  4091 | D:4      | Noticed Blork the orc
  4173 | D:4      | Reached skill level 5 in Hexes
  4173 | D:4      | Reached XP level 6. HP: 35/43 MP: 6/9
  4363 | D:4      | Noticed Robin
  4594 | D:4      | Killed Robin
  4669 | D:4      | Found Daxaumu's Magic Scroll Shop.
  4671 | D:4      | Found Ofa Welu's General Store.
  4674 | D:4      | Found Raziemui's Distillery.
  4675 | D:4      | Found Lyrafy's Jewellery Shop.
  4677 | D:4      | Bought a scroll of identify for 28 gold pieces
  4703 | D:4      | Bought a scroll of identify for 22 gold pieces
  4749 | D:4      | Found Nirug's General Store.
  4906 | D:5      | Entered Level 5 of the Dungeon
  4906 | D:5      | Noticed Edmund
  5073 | D:5      | HP: 2/43 [centaur (4)]
  5359 | D:5      | Learned a level 3 spell: Portal Projectile
  5421 | D:5      | Gained mutation: You regenerate a little health from kills.
                  | [demonic ancestry]
  5421 | D:5      | Reached XP level 7. HP: 25/48 MP: 11/13
  5751 | D:5      | Found a burning altar of Makhleb.
  5899 | D:5      | Reached skill level 5 in Bows
  6018 | D:5      | Found Allapuru's Jewellery Emporium.
  6625 | D:4      | Killed Blork the orc
  7039 | D:6      | Gained mutation: A weak demonic guardian rushes to your
                  | aid. [demonic ancestry]
  7039 | D:6      | Reached XP level 8. HP: 14/54 MP: 14/14
  7378 | D:6      | Found Raem's General Store.
  7640 | D:6      | Found a snail-covered altar of Cheibriados.
  8190 | D:6      | Found an iron altar of Okawaru.
  8632 | D:5      | Killed Edmund
  8908 | D:7      | Found a staircase to the Ecumenical Temple.
  8920 | Temple   | Entered the Ecumenical Temple
  9023 | D:7      | Found a hazy altar of Hepliaklqana.
  9034 | D:7      | Became a worshipper of Hepliaklqana the Forgotten
  9041 | D:7      | Found Nidiut's Book Emporium.
  9159 | D:7      | Gained mutation: You regenerate health from kills. [demonic
                  | ancestry]
  9159 | D:7      | Reached XP level 9. HP: 53/53 MP: 9/15
  9501 | D:7      | Reached skill level 1 in Staves
  9767 | D:7      | Noticed Harold
  9795 | D:7      | Killed Harold
 10181 | D:8      | Noticed Joseph
 10262 | D:8      | Learned a level 3 spell: Tukima's Dance
 10307 | D:8      | Found a sacrificial altar of Ru.
 10311 | D:8      | Killed Joseph
 10367 | D:8      | Found a burning altar of Makhleb.
 10415 | D:8      | Found a staircase to the Lair.
 10472 | D:8      | Gained mutation: Your flesh is cold resistant. (rC+)
                  | [demonic ancestry]
 10472 | D:8      | Reached XP level 10. HP: 58/58 MP: 9/16
 10661 | D:8      | Found Naher's Jewellery Boutique.
 10668 | D:8      | Found a stormy altar of Qazlal.
 10698 | D:8      | Found a radiant altar of Vehumet.
 10786 | D:8      | Reached skill level 10 in Bows
 10908 | D:8      | Found a sparkling altar of Nemelex Xobeh.
 10912 | D:8      | Found an ornate altar of the Wu Jian Council.
 10966 | D:9      | Reached * piety under Hepliaklqana
 10978 | D:9      | Noticed Prince Ribbit
 10993 | D:9      | Killed Prince Ribbit
 11225 | D:9      | Noticed a deep elf mage
 11231 | D:9      | Found a bloodstained altar of Trog.
 11241 | D:9      | Killed a deep elf mage
 11241 | D:9      | Reached skill level 5 in Spellcasting
 11572 | D:9      | Reached skill level 1 in Stealth
 11705 | D:9      | Found an ancient bone altar of Kikubaaqudgha.
 11866 | D:9      | Found a staircase to the Orcish Mines.
 12272 | D:10     | Entered Level 10 of the Dungeon
 12306 | D:10     | Reached ** piety under Hepliaklqana
 12307 | D:10     | Remembered your ancestor FortunesFaded as a hexer
 12333 | D:10     | Learned a level 4 spell: Summon Ice Beast
 12397 | D:10     | Reached skill level 5 in Stealth
 12412 | D:10     | Found a flagged portal.
 12440 | Bailey   | Entered a bailey
 12446 | Bailey   | Noticed an orc warlord
 12499 | Bailey   | Learned a level 3 spell: Confuse
 12510 | Bailey   | Reached skill level 1 in Summonings
 12541 | Bailey   | Noticed an orc knight
 12616 | Bailey   | Found a runed translucent gate.
 12616 | Bailey   | Found a runed translucent gate.
 12652 | Bailey   | Found a runed translucent gate.
 12702 | Bailey   | Killed an orc knight
 12826 | Bailey   | Killed an orc warlord
 12826 | Bailey   | Reached skill level 5 in Summonings
 12826 | Bailey   | Reached XP level 11. HP: 62/62 MP: 11/20
 13040 | D:4      | Bought a scroll of identify for 28 gold pieces
 13040 | D:4      | Bought a scroll of remove curse for 42 gold pieces
 13041 | D:4      | Reached skill level 10 in Summonings
 13041 | D:4      | Reached XP level 12. HP: 67/67 MP: 21/21
 13045 | D:4      | Reached XP level 13. HP: 71/71 MP: 22/22
 13670 | D:10     | Got a distressingly furry robe
 13681 | D:10     | Identified the cursed +1 robe of Negation {-Cast Str+10}
                  | (You found it on level 10 of the Dungeon)
 13801 | D:4      | Bought 2 scrolls of remove curse for 84 gold pieces
 14218 | D:11     | Noticed Snorg
 14239 | D:11     | Killed Snorg
 14289 | D:11     | Noticed Maurice
 14299 | D:11     | Killed Maurice
 14299 | D:11     | Reached skill level 1 in Ice Magic
 14314 | D:11     | Reached *** piety under Hepliaklqana
 14665 | D:11     | Noticed Josephine
 14686 | D:11     | Killed Josephine
 15818 | D:12     | Noticed Frances
 15845 | D:12     | Killed Frances
 15845 | D:12     | HP: 3/81 [steam dragon/ball of steam (14)]
 16147 | D:11     | Reached skill level 5 in Fighting
 16857 | D:12     | Reached **** piety under Hepliaklqana
 16940 | D:12     | Reached skill level 1 in Invocations
 17166 | Lair:1   | Entered Level 1 of the Lair of Beasts
 17366 | Lair:1   | Noticed Gastronok
 17378 | Lair:1   | Killed Gastronok
 18055 | Lair:2   | Gained mutation: Your movements are slightly less
                  | encumbered by armour. (ER -2) [demonic ancestry]
 18055 | Lair:2   | Reached XP level 14. HP: 87/88 MP: 23/23
 18145 | Lair:2   | Reached skill level 5 in Invocations
 18767 | Lair:2   | Gained mutation: Your flesh is very cold resistant. (rC++)
                  | [potion of mutation]
 18767 | Lair:2   | Gained mutation: Your movements are less encumbered by
                  | armour. (ER -4) [potion of mutation]
 18767 | Lair:2   | Gained mutation: You are somewhat resistant to further
                  | mutation. [potion of mutation]
 18768 | Lair:2   | Lost mutation: Your movements are less encumbered by
                  | armour. (ER -4) [potion of mutation]
 18768 | Lair:2   | Lost mutation: You are somewhat resistant to further
                  | mutation. [potion of mutation]
 18768 | Lair:2   | Gained mutation: Your magical capacity is low. (-10% MP)
                  | [potion of mutation]
 18768 | Lair:2   | Gained mutation: You are dopey. (Int -2) [potion of
                  | mutation]
 18768 | Lair:2   | Gained mutation: You passively map a small area around you.
                  | [potion of mutation]
 18937 | Lair:2   | Found a runed translucent door.
 19355 | Lair:2   | Reached skill level 5 in Staves
 19559 | Lair:3   | Reached ***** piety under Hepliaklqana
 19593 | Lair:3   | Found a staircase to the Snake Pit.
 19681 | Lair:3   | Found a frozen archway.
 19853 | IceCv    | Entered an ice cave
 19979 | IceCv    | Killed a reaper
 20296 | IceCv    | Learned a level 6 spell: Freezing Cloud
 21255 | Lair:3   | Reached skill level 5 in Ice Magic
 22107 | Lair:3   | Reached skill level 1 in Conjurations
 22475 | Lair:4   | Noticed Kirke
 22506 | Lair:4   | Killed Kirke
 22518 | Lair:4   | Noticed Rupert
 22763 | Lair:4   | Got a dazzling flail
 22764 | Lair:4   | Identified the +5 flail "Demonspawn's Death" {crush, rPois
                  | SInv} (You found it on level 4 of the Lair of Beasts)
 23029 | Lair:4   | Killed Rupert
 23029 | Lair:4   | Reached skill level 5 in Conjurations
 23838 | Lair:4   | Noticed Sonja
 23856 | Lair:4   | Killed Sonja
 23982 | Lair:4   | Found a staircase to the Shoals.
 24898 | Lair:5   | Found a staircase to the Slime Pits.
 24899 | Lair:5   | Found a viscous altar of Jiyva.
 25157 | Lair:6   | Entered Level 6 of the Lair of Beasts
 25352 | Lair:6   | Reached XP level 15. HP: 54/92 MP: 23/23
 26461 | Lair:6   | Reached skill level 10 in Conjurations
 27008 | Lair:6   | Got a pitted long sword
 27009 | Lair:6   | Identified the +4 long sword of Seeced {antimagic, Int+3
                  | Dex+3} (You found it on level 6 of the Lair of Beasts)
 27057 | Lair:6   | Reached skill level 1 in Air Magic
 27442 | Orc:1    | Entered Level 1 of the Orcish Mines
 27485 | Orc:1    | Noticed an orc warlord
 27490 | Orc:1    | Paralysed by an orc sorcerer for 2 turns
 27648 | D:9      | Killed an orc warlord
 27955 | Orc:1    | Reached ****** piety under Hepliaklqana
 28101 | D:7      | Bought a Fen Folio for 975 gold pieces
 28177 | Orc:2    | Entered Level 2 of the Orcish Mines
 28177 | Orc:2    | Found a staircase to the Elven Halls.
 28192 | Orc:2    | Noticed an orc warlord
 28504 | Orc:2    | Noticed Urug
 28583 | Orc:2    | Found a roughly hewn altar of Beogh.
 29201 | Orc:1    | Reached skill level 5 in Air Magic
 29309 | Orc:2    | Killed Urug
 29711 | Orc:2    | Found Qeivvin's Antique Weapon Shop.
 29763 | Orc:2    | Found Iggymn's Book Shoppe.
 29886 | Orc:2    | Found Vyjauguw's Antique Armour Shoppe.
 29909 | Orc:2    | Killed an orc warlord
 30147 | Orc:2    | Found Buhaimen's General Store.
 30300 | Elf:1    | Entered Level 1 of the Elven Halls
 31305 | D:13     | Noticed Jorgrun
 31324 | D:13     | HP: 3/92 [Jorgrun/+0 quarterstaff of crushing (7)]
 31458 | D:13     | Found a white marble altar of Elyvilon.
 31509 | D:13     | Found a gate to the Vaults.
 31893 | D:13     | Lost mutation: Your flesh is very cold resistant. (rC++)
                  | [potion of mutation]
 31893 | D:13     | Lost mutation: Your magical capacity is low. (-10% MP)
                  | [potion of mutation]
 31893 | D:13     | Gained mutation: Your spells are a little harder to cast,
                  | but a little more powerful. [potion of mutation]
 31893 | D:13     | Gained mutation: You tend to lose your temper in combat.
                  | [potion of mutation]
 31893 | D:13     | Gained mutation: Potions are less effective at restoring
                  | your health. [potion of mutation]
 31893 | D:13     | Gained mutation: Your system is resistant to poisons.
                  | (rPois) [potion of mutation]
 32357 | D:13     | Found a runed translucent door.
 32425 | D:13     | Killed Jorgrun
 32425 | D:13     | Reached XP level 16. HP: 73/98 MP: 23/26
 33302 | D:14     | Noticed Azrael
 33418 | D:14     | HP: 4/98 [fire elemental[Azrael] (10)]
 33959 | D:14     | Killed Azrael
 33998 | D:15     | Entered Level 15 of the Dungeon
 34454 | D:15     | Found Bapnock's Antique Weapon Shop.
 34803 | D:15     | Found a staircase to the Depths.
 34990 | D:15     | Found a shattered altar of Ashenzari.
 35395 | Depths:1 | Entered Level 1 of the Depths
 35395 | Depths:1 | Found a one-way gate leading to the halls of Pandemonium.
 35397 | Depths:1 | Upgraded the game from 0.24-a0-279-ga7546fe674 to
                  | 0.24-a0-282-g1a68c911f0
 35398 | Depths:1 | Found a gateway to Hell.
 35629 | Snake:1  | Entered Level 1 of the Snake Pit
 35740 | Snake:1  | Noticed Louise
 35867 | Snake:1  | Reached skill level 10 in Ice Magic
 35876 | Snake:1  | HP: 2/147 [anaconda (11)]
 35876 | Snake:1  | Mangled by an anaconda

Levels and vault maps discovered:
D:1:      mrwooster_arrival_statue, layout_loops_cross
D:2:      layout_loops_corners, lemuel_blue_sif_altar, fedhas_altar_3,
          uniq_natasha
D:3:      layout_basic
D:4:      layout_rooms, serial_shops, nicolae_shop_waterfront,
          minmay_misc_feat_columns, minmay_shop_grid_forest, grunt_ministairs_1,
          uniq_robin, uniq_blork_the_orc
D:5:      layout_cave_pools, first_ration, basic_altar, serial_shops, shop,
          uniq_edmund
D:6:      layout_loops_corners, slow_altar_1, kennysheep_mini, serial_shops,
          kennysheep_mini_moat, kennysheep_generic_room_13
D:7:      layout_gridville, lemuel_crystal_altar,
          minmay_temple_entry_antechambers, serial_shops, shop, uniq_harold
D:8:      layout_rooms, old_standard_altar, grunt_qazlal_clouds,
          lemuel_doored_altar, nicolae_overflow_crystal_walls,
          nicolae_overflow_hidden_temple, dpeg_oklobed_lair, serial_shops,
          nicolae_shop_stone, uniq_joseph
D:9:      layout_long_grid, trog_eyes_of_draining,
          lemuel_mausoleum_altar_kikubaaqudgha, orc_0_dummy,
          hangedman_fish_farm, uniq_prince_ribbit1
D:10:     layout_cross, enter_bailey_3, minivault_16
D:11:     layout_rooms, dk_noncrumbling_4, uniq_snorg, uniq_josephine,
          uniq_maurice
D:12:     layout_gridville, fungi_pond_lemuel, uniq_frances
D:13:     layout_stronghold, erik_vaults_1, basic_altar, lightli_airlock,
          uniq_jorgrun
D:14:     layout_roguey, chequers_serial_rivers_room_a, uniq_azrael
D:15:     grunt_enter_depths_snipers, layout_cave_pools, serial_shops,
          nicolae_shop_trees, evilmike_ruin_ashenzari
Temple:   kb_temple_of_zot
Lair:1:   layout_long_grid, grunt_megastairs_4, uniq_gastronok
Lair:2:   gammafunk_lair_enchanted_lake, layout_long_grid, minivault_29
Lair:3:   regret_index_wax_grids, layout_regular_city, dummy_snake_entry,
          portal_ice_cave_rime, lemuel_fruit_fields, grunt_megastairs_3,
          infiniplex_staircase_pool
Lair:4:   layout_regular_city, minmay_shoals_entry_hut,
          minmay_lair_oklob_chamber, serial_bayou_shore_a, uniq_kirke,
          uniq_sonja, uniq_rupert
Lair:5:   layout_cave_pods, slime_altar_1, minivault_26, ldierk_geyser,
          lemuel_fruit_fields, lemuel_fruit_fields
Lair:6:   grunt_lair_end_beastmaster, layout_gridlike
Snake:1:  layout_onion, ebering_ghost_inner_flame, uniq_louise
Orc:1:    layout_diamond_mine
Orc:2:    grunt_orc_gardens, layout_caves, grunt_orc_garden, grunt_orc_garden,
          grunt_orc_garden, grunt_orc_garden, basic_altar, uniq_urug
Elf:1:    eino_elf_arrival_sip, layout_loops_corners, minivault_28
Depths:1: layout_cave_pools, mu_enter_wizlab_2, enter_trove_0,
          minmay_tree_intersection, pan_entry, hell_entry,
          minmay_fire_ice_demons

Skill      XL: |  1  2  3  4  5  6  7  8  9 10 11 12 13 14 15 16 |
---------------+-------------------------------------------------+-----
Bows           | 2 3 4 6 8 9 10 11 12 | 12.4
Spellcasting   | 2 4 6 7 |  7.1
Hexes          | 5 7 8 11 | 11.4
Staves         | 4 5 |  5.1
Stealth        | 5 |  5.1
Summonings     | 5 10 11 | 11.1
Ice Magic      | 4 6 7 10 | 10.0
Fighting       | 5 |  5.0
Invocations    | 4 6 |  6.2
Conjurations   | 8 12 | 12.0
Air Magic      | 6 |  6.0
Dodging        | |  1.7

Action                   |  1- 3 |  4- 6 |  7- 9 | 10-12 | 13-15 | 16-18 || total
-------------------------+-------+-------+-------+-------+-------+-------++-------
Melee: Club              |    94 |       |       |       |       |       ||    94
       Headbutt          |     9 |    31 |    41 |    33 |   287 |    54 ||   455
       Short sword       |    37 |   111 |       |       |       |       ||   148
       Long sword        |       |    90 |   225 |   181 |    75 |       ||   571
       Scimitar          |       |       |       |       |   639 |       ||   639
       Flail             |       |       |       |       |   365 |       ||   365
       Trident           |       |       |       |       |   348 |       ||   348
       Quarterstaff      |       |       |       |       |       |   241 ||   241
 Fire: Shortbow          |     3 |       |   106 |    87 |   782 |    12 ||   990
       Hunting sling     |       |     8 |     2 |    11 |       |       ||    21
       Blowgun           |       |       |       |     8 |       |       ||     8
 Cast: Corona            |    17 |    22 |    14 |     3 |    24 |       ||    80
       Cause Fear        |       |     2 |     2 |     1 |     9 |       ||    14
       Inner Flame       |       |       |     4 |     6 |    15 |       ||    25
       Portal Projectile |       |       |     3 |     7 |    53 |     1 ||    64
       Tukima's Dance    |       |       |     2 |     3 |       |     3 ||     8
       Confuse           |       |       |       |     6 |   121 |    32 ||   159
       Summon Ice Beast  |       |       |       |       |   141 |    38 ||   179
Invok: Ancestor Identity |       |       |     1 |       |       |       ||     1
       Recall Ancestor   |       |       |       |     4 |     6 |       ||    10
       Ancestor Life: He |       |       |       |     1 |       |       ||     1
       Idealise          |       |       |       |       |     1 |       ||     1
Evoke: Wand              |       |       |     1 |       |    25 |     2 ||    28
       Sack of spiders   |       |       |       |       |     1 |       ||     1
  Use: Scroll            |       |    10 |    12 |     3 |    27 |    10 ||    62
       Potion            |       |       |     4 |     4 |    20 |     3 ||    31
 Stab: Sleeping          |       |     1 |       |     2 |    13 |     5 ||    21
       Confused          |       |       |       |     1 |    49 |    15 ||    65
       Distracted        |       |       |       |     1 |    20 |     4 ||    25
       Paralysed         |       |       |       |       |    51 |    17 ||    68
       Fleeing           |       |       |       |       |       |     1 ||     1
  Eat: Chunk             |     4 |    11 |    11 |    11 |    52 |    12 ||   101
       Ration            |       |       |     2 |       |    10 |     1 ||    13
Armor: Robe              |    40 |    10 |       |       |       |       ||    50
       Leather armour    |       |    31 |    65 |    69 |    67 |       ||   232
       Troll leather arm |       |       |       |       |   385 |    58 ||   443
Dodge: Dodged            |   110 |   157 |   218 |   212 |  1348 |   168 ||  2213
       Rpst.: Long sword |       |    20 |    56 |    38 |    20 |       ||   134
       Scimitar          |       |       |       |       |   183 |       ||   183

Table legend:
 A = Non-vault XP
 B = Vault XP
 C = Vault XP percentage of total XP
 D = Non-vault monster count
 E = Vault monster count
 F = Vault count percentage of total count
                 A         B        C        D         E       F
            +---------+---------+-------+---------+---------+-------
      Total |   86522 |   61458 |  41.5 |     616 |     267 |  30.2
            +---------+---------+-------+---------+---------+-------
        D:1 |      68 |       0 |   0.0 |      31 |       0 |   0.0
        D:2 |     142 |      35 |  19.8 |      24 |       1 |   4.0
        D:3 |     103 |       2 |   1.9 |      28 |       1 |   3.4
        D:4 |     386 |     136 |  26.1 |      15 |      14 |  48.3
        D:5 |     588 |     110 |  15.8 |      17 |       1 |   5.6
        D:6 |     899 |     115 |  11.3 |      30 |       3 |   9.1
        D:7 |     895 |     709 |  44.2 |      19 |       1 |   5.0
        D:8 |    1912 |     335 |  14.9 |      41 |       1 |   2.4
        D:9 |    2386 |    1783 |  42.8 |      20 |      18 |  47.4
       D:10 |    1700 |       7 |   0.4 |      32 |       4 |  11.1
       D:11 |    3883 |    2543 |  39.6 |      20 |       6 |  23.1
       D:12 |    6628 |    1704 |  20.5 |      41 |       1 |   2.4
       D:13 |    7608 |    3922 |  34.0 |      32 |       4 |  11.1
       D:14 |    6132 |    2235 |  26.7 |      21 |       7 |  25.0
       D:15 |    7656 |    2649 |  25.7 |      22 |       3 |  12.0
     Lair:1 |    4202 |    2183 |  34.2 |      24 |       3 |  11.1
     Lair:2 |    3504 |    7407 |  67.9 |      12 |      51 |  81.0
     Lair:3 |    2746 |    5931 |  68.4 |      13 |      47 |  78.3
     Lair:4 |    2973 |    5696 |  65.7 |      18 |       9 |  33.3
     Lair:5 |    2370 |       0 |   0.0 |       8 |       0 |   0.0
     Lair:6 |   15586 |    7072 |  31.2 |      51 |      16 |  23.9
    Snake:1 |    2879 |       0 |   0.0 |       8 |       0 |   0.0
      Orc:1 |    3239 |    1489 |  31.5 |      33 |       8 |  19.5
      Orc:2 |    3462 |    8339 |  70.7 |      48 |      20 |  29.4
      Elf:1 |    4575 |     780 |  14.6 |       8 |       2 |  20.0
     Bailey |       0 |    2570 | 100.0 |       0 |      27 | 100.0
      IceCv |       0 |    3706 | 100.0 |       0 |      19 | 100.0
            +---------+---------+-------+---------+---------+-------
